cohdb
Replays
Latest Replays
All Replays
Popular Replays
Top Player Replays
Match Explorer
How It Works
Community
CoH3 Stats
Reddit
Sign in to upload your games and track your stats! →
Sign in with Steam
Match 41691681
Unlisted
Match 41691681
Overview
Messages
Build Orders
End
Panzergrenadier Squad
250 Light Carrier
Panzergrenadier Squad
Construct Light Support Kompanie
MG34 Team
Fire Support Elements
Flakvierling Half-track
le.IG 18 Mechanized Group
Combat Half-tracks
250 Light Carrier
Selects Battlefield Espionage Battlegroup
Construct Mechanized Kompanie
Selects 250/3 Funkpanzerwagen
Selects Sector Subterfuge Beacon
Selects Anti-Tank Incendiary Munitions
Selects Plunder
StuG III D Assault Gun
Marder III Tank Destroyer
MG34 Team
Flakvierling Half-track
Kradschützen Motorcycle Team
le.IG 18 Mechanized Group
Vehicle Survival Package
StuG III D Assault Gun
Marder III Tank Destroyer
Jack Cruz
greentea
سَۨفُـيٰانۨوٰس
mohamedkerdaoui
0
0
Comments
sign in to comment!
No comments posted yet!